AoeStats
← UserIDAlreadyInUse

Arena

509446462Analyzed
2v2 RM · 4d ago on Sep 26, 2026· 24m 28s· 4 players
Game mode
Random Map
Map size
Medium (4 player)
Population
200
Speed
Normal
Resources
Standard
Victory
Conquest
Starting age
Dark Age
Ending age
Imperial Age
RankedLock teamsTeams togetherTeam positionsShared explorationLock speedFull tech treeHidden civsTurbo modeCheats
Victory
Defeat
🇲🇽 Malay · Mexico
1227
+15
🇲🇽 Jurchens · Mexico
1226
+15
🇺🇸 Varangians · United States
1224
-16
🇺🇸 Danes · United States
1177
-14
fishouttawatr
11:11 Feudal Age
12:30 Double-Bit Axe
15:16 Castle Age
13:04 Horse Collar
16:29 Bow Saw
17:22 Heavy Plow
22:13 Wheelbarrow
21:25 Loom
eadohn20
11:28 Feudal Age
11:33 Loom
14:51 Castle Age
13:00 Double-Bit Axe
12:58 Horse Collar
16:01 Bow Saw
19:13 Scale Barding Armor
Ryun Sakashita
1:02 Loom
11:28 Feudal Age
16:07 Castle Age
15:06 Double-Bit Axe
15:04 Horse Collar
UserIDAlreadyInUse
11:39 Feudal Age
13:19 Double-Bit Axe
16:10 Castle Age
23:07 Ballistics
Connection lost

Rejoining the realm…

Still unreachable

The connection could not be restored.

Session expired

The server has moved on; the page needs a fresh start.